 Dungeon Crawl Stone Soup version 0.27.1-4-g1640c2035a (webtiles) character file.

Game seed: 14357828572655871092

20 Crownlay the Insei (level 2, -1/18 HPs)
             Began as an Octopode Transmuter on Oct 31, 2021.
             Slain by a gnoll (2 damage)
             ... on level 1 of the Dungeon.
             The game lasted 00:01:18 (1010 turns).

Crownlay the Insei (Octopode Transmuter)            Turns: 1010, Time: 00:01:18

Health: -1/18      AC:  1    Str:  9    XL:     2   Next: 79%
Magic:  4/5        EV: 13    Int: 15    God:
Gold:   32         SH:  0    Dex: 12    Spells: 4/5 levels left

rFire    . . .     SeeInvis .   f - +0 dagger
rCold    . . .     Faith    .   (no shield)
rNeg     . . .     Spirit   .   (helmet currently unavailable)
rPois    .         Reflect  .   (no amulet)
rElec    .         Harm     .   (no ring)
rCorr    .         Rampage  .   (no ring)
Will     .....                  (no ring)
Stlth    +++.......             (no ring)
HPRegen  0.06/turn              (no ring)
MPRegen  0.09/turn              (no ring)
                                (no ring)
                                (no ring)

@: appendages (expiring), studying Transmutations
A: tentacle spike 3, almost no armour, amphibious, 8 rings, camouflage 1,
gelatinous body 1, (nimble swimmer 1), tentacles
a: End Transformation


You were on level 1 of the Dungeon.
One of your tentacles had grown a beastly spike.
You visited 1 branch of the dungeon, and saw 1 of its levels.

You collected 32 gold pieces.

Inventory:

Hand Weapons
 f - a +0 dagger (weapon)
Scrolls
 b - a scroll of identify {unknown}
 d - a scroll of teleportation {unknown}
 e - a scroll of silence {unknown}
Potions
 a - 2 potions of heal wounds {unknown}
 c - a potion of curing {unknown}


   Skills:
 - Level 1.0 Fighting
 + Level 2.3 Dodging
 * Level 2.4 Stealth
 - Level 3.0 Unarmed Combat
 - Level 2.0 Spellcasting
 * Level 2.3 Transmutations


You had 4 spell levels left.
You knew the following spells:

 Your Spells              Type           Power      Damage    Failure   Level
a - Beastly Appendage     Tmut           16%        N/A       9%          1

Your spell library contained the following spells:

 Spells                   Type           Power      Damage    Failure   Level
 Wereblood                Tmut           8%         N/A       13%         2
 Spider Form              Tmut/Pois      2%         N/A       38%         3
 Ice Form                 Ice/Tmut       5%         N/A       80%         4


Dungeon Overview and Level Annotations

Branches:
Dungeon (1/15)

Altars:


Innate Abilities, Weirdness & Mutations

One of your tentacles has grown a beastly spike.
You cannot wear most types of armour.
You are amphibious.
You can wear up to eight rings at the same time.
Your skin changes colour to match your surroundings (Stealth+).
Your rubbery body absorbs attacks. (AC +1, EV +1)
((You are camouflaged near water. (Stealth+)))
You have tentacles for arms and can constrict up to eight enemies at once.


Message History

a +0 dagger; a kobold corpse
f - a +0 dagger
f - a +0 dagger (weapon)
Your tentacle spike disappears.
As you open the door, it creaks loudly!
You hear an angry hiss.
There is an open door here.
A frilled lizard comes into view.
The frilled lizard hisses angrily.
You hit the frilled lizard.
You kill the frilled lizard!
No target in view!
Found 9 gold pieces.
Found 2 gold pieces.
You now have 30 gold pieces (gained 9).
You now have 32 gold pieces (gained 2).
A gnoll comes into view. It is wielding a +0 spear.
One of your tentacles grows a vicious spike.
The gnoll shouts!
The gnoll hits you with a +0 spear!
Ouch! That really hurt!
You are too injured to fight recklessly!
You are too injured to fight recklessly!
You closely miss the gnoll. You grab the gnoll.
You pierce the gnoll.
You squeeze the gnoll.
The gnoll is moderately wounded.
You constrict the gnoll, but do no damage.
The gnoll hits you with a +0 spear.
You hit the gnoll.
You pierce the gnoll.
You squeeze the gnoll.
The gnoll is heavily wounded.
You constrict the gnoll, but do no damage.
The gnoll hits you with a +0 spear.
* * * LOW HITPOINT WARNING * * *
You hit the gnoll but do no damage.
You pierce the gnoll.
The gnoll is severely wounded.
You constrict the gnoll, but do no damage.
The gnoll barely misses you.
You hit the gnoll but do no damage.
You pierce the gnoll, but do no damage.
The gnoll is severely wounded.
You constrict the gnoll. The gnoll hits you with a +0 spear.
You die...

### ### # #.. ..#
#. #.# #.# ..# #.#
#g#
.#.#########.###@#
.##............#.#
.#..########.#.#.#
...## #.#.#.# #.##
#.#.#.# #.#
#.....# #.#
###.### #'## #.#
...## #.#


You could see a gnoll.

Vanquished Creatures
  A dart slug (D:1)
  A giant cockroach (D:1)
  A goblin (D:1)
  A hobgoblin (D:1)
  2 jackals (D:1)
  A kobold (D:1)
  2 ball pythons (D:1)
  3 bats (D:1)
  4 frilled lizards (D:1)
  4 rats (D:1)
20 creatures vanquished.

Notes
Turn   | Place    | Note
-------+----------+-------------------------------------------
     0 | D:1      | Crownlay the Octopode Transmuter began the quest for the
                  | Orb.
     0 | D:1      | Reached XP level 1. HP: 13/13 MP: 3/3
   192 | D:1      | Reached skill level 1 in Stealth
   546 | D:1      | Reached XP level 2. HP: 18/18 MP: 3/5
   738 | D:1      | Found a faded altar of an unknown god.
  1010 | D:1      | Slain by a gnoll

Illustrated notes

Levels and vault maps discovered:
D:1:      giann_wishing_wells, layout_loops_corners,
          chequers_ecumenical_altar_simple

Skill      XL: |  1  2 |
---------------+-------+-----
Stealth        | 1 2 |  2.4
Fighting       | |  1.0
Dodging        | |  2.3
Unarmed Combat | |  3.0
Spellcasting   | |  2.0
Transmutations | |  2.3

Action                   || total
-------------------------++-------
Melee: Unarmed           ||    40
       Constrict         ||    14
       Kick              ||     9
       Punch             ||     2
       Tentacles         ||     5
       Dagger            ||     5
 Cast: Beastly Appendage ||    13
 Stab: Sleeping          ||     7
Armor: Skin              ||     3
Dodge: Dodged            ||    31
